AoeStats
← RDA Ronan

Arabia

505360597Analyzed
4v4 RM · 23d ago on Sep 9, 2026· 62m 36s· 8 players
Game mode
Random Map
Map size
Large (8 player)
Population
200
Speed
Normal
Resources
Standard
Victory
Conquest
Starting age
Dark Age
Ending age
Imperial Age
RankedLock teamsTeams togetherTeam positionsShared explorationLock speedFull tech treeHidden civsTurbo modeCheats
Victory
Defeat
🇦🇷 Ethiopians · Argentina
1470
+9
🇦🇷 Shu · Argentina
1436
+11
🇦🇷 Georgians · Argentina
1164
+21
🇪🇨 Jurchens · Ecuador
1027
+27
🇦🇷 Lithuanians · Argentina
1424
-22
🇦🇷 Dravidians · Argentina
1331
-18
🇦🇷 Malay · Argentina
1227
-14
🇦🇷 Spanish · Argentina
1214
-14
| CZK | - Diego -
6:09 Loom
8:55 Feudal Age
20:30 Castle Age
19:09 Horse Collar
19:22 Gold Mining
20:12 Scale Barding Armor
20:32 Forging
20:36 Light Cavalry
21:41 Chain Barding Armor
21:46 Husbandry
26:04 Double-Bit Axe
33:20 Wheelbarrow
42:39 Imperial Age
40:41 Heavy Plow
40:27 Crossbowman
40:58 Fletching
41:54 Gold Shaft Mining
42:42 Ballistics
42:47 Thumb Ring
42:44 Padded Archer Armor
42:42 Bodkin Arrow
44:30 Bracer
48:43 Chemistry
50:31 Bolt Magazine
50:56 Arbalester
57:01 Leather Archer Armor
56:40 Elite Skirmisher
58:24 Ring Archer Armor
ZY_Heizerd
2:49 Loom
6:14 Loom
9:07 Feudal Age
20:29 Castle Age
21:54 Bloodlines
21:44 Husbandry
24:03 Scale Barding Armor
26:45 Chain Barding Armor
27:26 Double-Bit Axe
27:34 Gold Mining
30:59 Forging
32:48 Fervor
32:52 Stone Mining
33:14 Bow Saw
34:04 Sanctity
34:25 Wheelbarrow
33:53 Horse Collar
35:05 Stone Shaft Mining
34:47 Heavy Plow
39:47 Imperial Age
38:21 Iron Casting
37:44 Treadmill Crane
41:07 Plate Barding Armor
41:32 Blast Furnace
40:01 Cavalier
44:22 Conscription
52:26 Ballistics
53:08 Chemistry
| CZK | Ashvini
4:50 Loom
9:20 Feudal Age
10:35 Double-Bit Axe
14:40 Fletching
19:07 Padded Archer Armor
19:28 Town Watch
24:11 Castle Age
22:45 Horse Collar
22:59 Gold Mining
25:00 Bodkin Arrow
24:26 Crossbowman
25:34 Bow Saw
26:52 Ballistics
39:31 Imperial Age
37:58 Leather Archer Armor
37:42 Elite Skirmisher
39:51 Thumb Ring
40:46 Gold Shaft Mining
40:12 Heavy Plow
40:20 Bracer
41:01 Arbalester
44:45 Chemistry
46:55 Capped Ram
53:32 Wheelbarrow
59:32 Hand Cart
| CZK | CONANJD
5:03 Loom
9:26 Feudal Age
12:20 Double-Bit Axe
15:31 Fletching
20:53 Wheelbarrow
24:04 Castle Age
23:28 Padded Archer Armor
25:01 Bodkin Arrow
25:22 Leather Archer Armor
25:24 Bow Saw
27:42 Horse Collar
31:41 Hand Cart
33:26 Ballistics
41:24 Imperial Age
40:36 Squires
40:40 Scale Mail Armor
40:50 Forging
41:03 Murder Holes
42:05 Heavy Plow
42:32 Bracer
45:32 Ring Archer Armor
46:06 Chemistry
48:38 Town Watch
50:51 Siege Engineers
52:29 Heavy Cavalry Archer
54:36 Fortified Bastions
RDA Ronan
8:06 Loom
10:17 Feudal Age
15:09 Castle Age
19:56 Double-Bit Axe
21:42 Fletching
26:47 Padded Archer Armor
29:06 Wheelbarrow
28:19 Horse Collar
32:32 Leather Archer Armor
33:40 Gold Mining
33:47 Town Watch
35:58 Wheelbarrow
43:03 Imperial Age
41:43 Bloodlines
41:34 Husbandry
44:37 Ring Archer Armor
44:50 Bow Saw
46:28 Conscription
46:06 Bodkin Arrow
47:00 Heavy Plow
47:58 Coinage
48:24 Elite Conquistador
[TBArg] kaos_leo
7:14 Loom
11:34 Feudal Age
15:22 Castle Age
14:02 Double-Bit Axe
15:43 Scale Barding Armor
17:04 Horse Collar
24:08 Gold Mining
28:10 Chain Barding Armor
27:53 Stone Mining
30:47 Forging
31:00 Heavy Plow
32:29 Iron Casting
33:43 Bow Saw
36:27 Stone Shaft Mining
36:39 Wheelbarrow
38:45 Imperial Age
38:49 Elite Leitis
39:20 Fletching
40:07 Plate Barding Armor
40:19 Bloodlines
40:09 Husbandry
42:28 Conscription
43:48 Crop Rotation
54:10 Light Cavalry
56:58 Winged Hussar
RDA | Damiii el TORO
7:59 Loom
10:22 Feudal Age
16:31 Castle Age
25:57 Double-Bit Axe
28:04 Horse Collar
30:39 Forging
30:48 Fletching
31:21 Squires
32:33 Iron Casting
34:02 Arson
34:51 Town Watch
35:25 Pikeman
38:45 Wheelbarrow
38:31 Bodkin Arrow
40:49 Bow Saw
41:51 Padded Archer Armor
43:01 Hand Cart
43:20 Ballistics
47:44 Masonry
48:02 Leather Archer Armor
52:03 Imperial Age
Gianncrack
9:30 Loom
11:53 Feudal Age
15:51 Castle Age
22:20 Double-Bit Axe
25:34 Bow Saw
25:43 Scale Mail Armor
25:41 Gold Mining
26:07 Squires
25:57 Horse Collar
30:16 Chain Mail Armor
31:45 Forging
Connection lost

Rejoining the realm…

Still unreachable

The connection could not be restored.

Session expired

The server has moved on; the page needs a fresh start.